AoeStats
← medinovski

Arabia

508039588Analyzed
1v1 RM · 12d ago on Sep 20, 2026· 31m 25s· 2 players
Game mode
Random Map
Map size
Tiny (2 player)
Population
200
Speed
Normal
Resources
Standard
Victory
Conquest
Starting age
Dark Age
Ending age
Imperial Age
RankedLock teamsTeams togetherTeam positionsShared explorationLock speedFull tech treeHidden civsTurbo modeCheats
Victory
Defeat
🇫🇷 Mongols · France
1279
+17
🇩🇪 Mongols · Germany
1290
-17
medinovski
9:50 Feudal Age
10:38 Double-Bit Axe
11:44 Horse Collar
21:34 Castle Age
20:18 Scale Barding Armor
21:05 Bloodlines
21:26 Forging
23:10 Bow Saw
24:10 Husbandry
26:09 Gold Mining
27:50 Iron Casting
27:38 Chain Barding Armor
31:04 Gold Shaft Mining
All Conqs are Bastards
6:05 Loom
8:30 Feudal Age
7:16 Loom
9:46 Double-Bit Axe
9:53 Horse Collar
19:34 Castle Age
18:20 Fletching
18:44 Bloodlines
19:39 Padded Archer Armor
19:39 Gold Mining
20:22 Husbandry
21:06 Bodkin Arrow
23:15 Bow Saw
25:57 Ballistics
26:04 Heavy Plow
27:02 Gold Shaft Mining
27:16 Scale Barding Armor
31:11 Thumb Ring
Connection lost

Rejoining the realm…

Still unreachable

The connection could not be restored.

Session expired

The server has moved on; the page needs a fresh start.